 Dungeon Crawl Stone Soup version 0.29.0-4-gdea44cf6ec (webtiles) character file.

Game seed: 7114189102699228614

61 qw the Chopper (level 4, -5/26 HPs)
             Began as a Tengu Warper on Aug 28, 2022.
             Slain by Grinder (7 damage)
             ... on level 3 of the Dungeon.
             The game lasted 00:00:11 (2508 turns).

qw the Chopper (Tengu Warper)                       Turns: 2508, Time: 00:00:11

Health: -5/26      AC: 10    Str: 14    XL:     4   Next: 7%
Magic:  8/8        EV:  4    Int: 13    God:
Gold:   73         SH:  0    Dex: 13    Spells: 7/7 levels left

rFire   . . .      SeeInvis .   Y - +0 hand axe
rCold   . . .      Faith    .   (no shield)
rNeg    . . .      Spirit   .   i - +0 plate armour
rPois   +          Reflect  .   (helmet restricted)
rElec   .          Harm     .   (no cloak)
rCorr   .          Rampage  .   (no gloves)
Will    .....                   (boots unavailable)
Stlth   ..........              (no amulet)
HPRegen 0.08/turn               (no ring)
MPRegen 0.11/turn               (no ring)

@: no status effects
A: beak, talons 3, poison resistance, screaming 1, wild magic 1
a: no special abilities


You were on level 3 of the Dungeon.
You visited 1 branch of the dungeon, and saw 3 of its levels.

You collected 73 gold pieces.


Innate Abilities, Weirdness & Mutations

You have a beak for a mouth.
You have claws for feet.
Your system is resistant to poisons. (rPois)
You occasionally shout uncontrollably at your foes.
Your spells are a little harder to cast, but a little more powerful.


   Skills:
 - Level 2.0 Fighting
 - Level 4.6 Axes
 - Level 1.0 Throwing
 + Level 1.1 Armour
 - Level 2.1 Dodging
 - Level 2.0 Spellcasting
 - Level 2.4 Translocations


You had 7 spell levels left.
You didn't know any spells.
Your spell library contained the following spells:

 Spells                   Type           Power      Damage    Failure   Level
 Blink                    Tloc           18%        N/A       100%        2
 Gell's Gravitas          Tloc           9%         N/A       100%        3
 Lesser Beckoning         Tloc           9%         N/A       100%        3
 Teleport Other           Tloc           9%         N/A       100%        3
 Manifold Assault         Tloc           9%         N/A       100%        5

Inventory:

Hand Weapons
 l - a +0 mace
 Y - a +0 hand axe (weapon)
Armour
 i - a +0 plate armour (worn)
Potions
 c - 2 potions of curing
 d - a potion of brilliance {unknown}
 f - a potion of haste {unknown}
 j - a potion of mutation
 k - a potion of cancellation

Dungeon Overview and Level Annotations

Branches:
Dungeon (3/15)

Altars:

Annotations:
D:3 Grinder


Message History

(D) Dungeon
Where to? (* - list waypoints, Enter - D:2, ? - help)
What level of the Dungeon? (default 1, ? - help)
There is an open door here.
There is an open door here.
There is a stone staircase leading down here.
You climb downwards.
Grinder shouts!
There is a stone staircase leading up here.
Grinder is nearby!
Existing waypoints: (1) D:2 (2) D:1 Assign waypoint to what number? (0-9, D - delete waypoint) Waypoint 2 re-assigned from D:1 to D:3.
Grinder gestures at you.
You suddenly lose the ability to move!
Grinder gestures at you. You resist with significant effort.
You can move again.
Grinder gestures at you.
You shrug off the repeated paralysis!
Grinder gestures at you. You resist with significant effort. Grinder hits you.
You writhe in agony.
You hit Grinder.
Grinder is lightly wounded.
Grinder hits you.
You writhe in agony.
You hit Grinder.
Grinder is lightly wounded.
Grinder barely misses you.
You hit Grinder. Your kick misses Grinder. You peck Grinder.
Grinder is moderately wounded.
Grinder hits you but does no damage.
You hit Grinder. You claw Grinder, but do no damage. Your peck misses Grinder.
Grinder is heavily wounded.
Grinder hits you!
You closely miss Grinder. You claw Grinder.
Grinder is severely wounded.
Grinder hits you!
You die...

#####
#...
#######.#
#.5@...<#
#.#####.#
# #.# ..#
###


You could see Grinder.

Vanquished Creatures
  2 adders (D:2)
  2 dart slugs (D:1)
  2 bats
  4 endoplasms
  5 goblins
  4 hobgoblins (D:1)
  2 jackals (D:2)
  A kobold (D:2)
  3 quokkas
  4 ball pythons
  2 frilled lizards (D:1)
  5 rats
36 creatures vanquished.

Notes
Turn   | Place    | Note
-------+----------+-------------------------------------------
     0 | D:1      | qw the Tengu Warper began the quest for the Orb.
     0 | D:1      | Reached XP level 1. HP: 12/12 MP: 4/4
     0 | D:1      | 0 ||| qw: Version: 0.1-a-89-g26bdef1
     0 | D:1      | 0 ||| qw: Game counter: 2290
     0 | D:1      | 0 ||| qw: Always use a shield: true
     0 | D:1      | 0 ||| qw: God list: Okawaru
     0 | D:1      | 0 ||| qw: Allow faded altars: false
     0 | D:1      | 0 ||| qw: Do Orc after D:15 true
     0 | D:1      | 0 ||| qw: Do second Lair branch before Depths: true
     0 | D:1      | 0 ||| qw: Lair rune preference: random
     0 | D:1      | 0 ||| qw: Plans: Normal
     0 | D:1      | 0 ||| PLANNING D:1-11
    22 | D:1      | Reached skill level 3 in Axes
    22 | D:1      | Reached XP level 2. HP: 15/17 MP: 6/6
    23 | D:1      | 23 ||| Stepping ~*~*~tactically~*~*~ (stealth).
   160 | D:1      | 160 ||| Stepping ~*~*~tactically~*~*~ (stealth).
   162 | D:1      | 162 ||| Stepping ~*~*~tactically~*~*~ (stealth).
   649 | D:1      | Reached XP level 3. HP: 18/21 MP: 7/7
   910 | D:1      | 910 ||| DROPPING +0 club.
  1038 | D:1      | 1038 ||| READING scroll labelled PEOLOCRUJY.
  1039 | D:1      | 1039 ||| READING scroll labelled DAVEWK RIDIZOD.
  1042 | D:1      | 1042 ||| READING scroll labelled QOBYSSE NAPNAGUPLY.
  1043 | D:1      | 1043 ||| DRINKING 2 orange potions.
  1044 | D:1      | 1044 ||| DROPPING scroll of blinking.
  1118 | D:2      | Reached skill level 4 in Axes
  1124 | D:2      | 1124 ||| Stepping ~*~*~tactically~*~*~ (stealth).
  1125 | D:2      | 1125 ||| Stepping ~*~*~tactically~*~*~ (stealth).
  2130 | D:2      | Reached XP level 4. HP: 24/26 MP: 8/8
  2167 | D:2      | 2167 ||| UPGRADING to +0 plate armour.
  2177 | D:2      | 2177 ||| DROPPING +0 leather armour.
  2178 | D:2      | 2178 ||| READING scroll labelled BIL QAES EHUGO.
  2179 | D:2      | 2179 ||| READING scroll labelled WOFFOR QEABLIO.
  2180 | D:2      | 2180 ||| READING scroll labelled JORILU OXALI.
  2181 | D:2      | 2181 ||| READING scroll labelled UMYR COTOIWN.
  2182 | D:2      | 2182 ||| DRINKING 3 black potions.
  2183 | D:2      | 2183 ||| DRINKING 2 golden potions.
  2287 | D:2      | 2287 ||| DRINKING 3 sapphire potions.
  2288 | D:2      | 2288 ||| DRINKING 2 fuming clear potions.
  2288 | D:2      | Gained mutation: You occasionally shout uncontrollably at
                  | your foes. [potion of mutation]
  2288 | D:2      | Gained mutation: Your spells are a little harder to cast,
                  | but a little more powerful. [potion of mutation]
  2288 | D:2      | Gained mutation: Your system is resistant to poisons.
                  | (rPois) [potion of mutation]
  2289 | D:2      | 2289 ||| DROPPING potion of berserk rage.
  2290 | D:2      | 2290 ||| DROPPING 2 potions of attraction.
  2404 | D:2      | 2404 ||| READING scroll of teleportation.
  2405 | D:2      | 2405 ||| STAIRDANCE
  2446 | D:2      | 2446 ||| Stepping randomly (stuck).
  2498 | D:3      | Noticed Grinder
  2499 | D:3      | Paralysed by Grinder for 2 turns
  2507 | D:3      | HP: 2/26 [Grinder (8)]
  2508 | D:3      | Slain by Grinder

Levels and vault maps discovered:
D:1:      minmay_arrival_pointy, layout_loops_ring, serial_forest,
          infiniplex_forest_straight_5, infiniplex_forest_zigzag_2,
          infiniplex_forest_end_2, infiniplex_forest_corner_1,
          infiniplex_forest_straight_5, infiniplex_forest_straight_2
D:2:      layout_loops_corners, grunt_ministairs_8
D:3:      layout_basic, hellmonk_ecumenical_altar_zigzags,
          gammafunk_ghost_arena, uniq_grinder

Skill      XL: |  1  2  3 |
---------------+----------+-----
Axes           | 3 4 |  4.6
Fighting       | |  2.0
Throwing       | |  1.0
Armour         | |  1.1
Dodging        | |  2.1
Spellcasting   | |  2.0
Translocations | |  2.4

Action                   |  1- 3 |  4- 6 || total
-------------------------+-------+-------++-------
Melee: Hand axe          |    93 |     5 ||    98
       Kick              |    25 |     2 ||    27
       Peck              |    10 |     1 ||    11
Throw: Boomerang         |     7 |       ||     7
  Use: Scroll            |     3 |     5 ||     8
       Potion            |     1 |     4 ||     5
Armor: Leather armour    |    29 |       ||    29
       Plate armour      |       |     1 ||     1
Dodge: Dodged            |    49 |     1 ||    50

Table legend:
 A = Non-vault XP
 B = Vault XP
 C = Vault XP percentage of total XP
 D = Non-vault monster count
 E = Vault monster count
 F = Vault count percentage of total count
                 A         B        C        D         E       F
            +---------+---------+-------+---------+---------+-------
      Total |      73 |      15 |  17.0 |      34 |       2 |   5.6
            +---------+---------+-------+---------+---------+-------
        D:1 |      42 |       0 |   0.0 |      23 |       0 |   0.0
        D:2 |      31 |      15 |  32.6 |      11 |       2 |  15.4
            +---------+---------+-------+---------+---------+-------
